 Dungeon Crawl Stone Soup version 0.18-a0-1577-gf591c28 (webtiles) character file.

337 M4edhros the Sneak (level 6, 0/34 HPs)
             Began as an Octopode Artificer on Mar 20, 2016.
             Was a Follower of Fedhas.
             Slain by a river rat (6 damage)
             ... summoned by Eustachio
             ... on level 4 of the Dungeon.
             The game lasted 00:05:05 (3428 turns).

M4edhros the Sneak (Octopode Artificer)             Turns: 3428, Time: 00:05:05

Health: 0/34       AC:  1    Str:  8 (10) XL:     6   Next: 54%
Magic:  8/8        EV: 13    Int: 13 (14) God:    Fedhas [*.....]
Gold:   254        SH:  0    Dex: 12 (15) Spells: 0 memorised, 5 levels left

rFire  . . .     SeeInvis .     a - +0 short sword
rCold  . . .     Gourm    .     (no shield)
rNeg   . . .     Faith    .     (helmet restricted)
rPois  .         Spirit   .     (no amulet)
rElec  .         Dismiss  .     (no ring)
rCorr  .         Reflect  .     (no ring)
SustAt .         Harm     .     (no ring)
MR     .....     Rnd*Rage +     (no ring)
Stlth  +++++.....               (no ring)
                                (no ring)
                                (no ring)
                                (no ring)

@: not resistant to hostile enchantments, quite stealthy
A: almost no armour, amphibious, 8 rings, constrict 8, camouflage 1, berserk 1,
frail 1, sense surroundings 1, gelatinous body 1
a: Evolution, Renounce Religion


You were on level 4 of the Dungeon.
You worshipped Fedhas.
Fedhas was aware of your devotion.
You were not hungry.

You visited 1 branch of the dungeon, and saw 4 of its levels.

You collected 254 gold pieces.

Inventory:

Hand Weapons
 a - a +0 short sword (weapon)
Missiles
 e - 144 stones (quivered)
 p - 3 poisoned javelins
Jewellery
 l - a cursed -5 ring of strength {unknown}
 n - an uncursed amulet of guardian spirit {unknown}
Wands
 b - a wand of flame (12/48)
 c - a wand of enslavement (12/24)
 d - a wand of random effects (9/48)
 o - a wand of disintegration (4/24)
Scrolls
 h - 2 scrolls of noise {unknown}
 i - 5 scrolls of identify {unknown}
 j - a scroll of magic mapping {unknown}
 k - 2 scrolls of teleportation {unknown}
Potions
 f - 2 potions of flight
Comestibles
 g - 3 meat rations


   Skills:
 - Level 1.0 Fighting
 - Level 1.0 Short Blades
 + Level 3.9 Dodging
 * Level 6.8 Stealth
 * Level 2.5 Invocations
 - Level 3.2 Evocations


You had 5 spell levels left.
You didn't know any spells.

Dungeon Overview and Level Annotations

Branches:
Dungeon (4/15)             Temple (0/1) D:4

Altars:
Fedhas
Okawaru
Trog

Annotations:
D:4 Eustachio


Innate Abilities, Weirdness & Mutations

You cannot wear most types of armour.
You are amphibious.
You can wear up to eight rings at the same time.
You can use your tentacles to constrict eight enemies at once.
Your skin changes colour to match your surroundings (Stealth).
Your rubbery body absorbs attacks (AC +1).
You tend to lose your temper in combat.
You are frail (-10% HP).
You passively map a small area around you.


Message History

The river rat is heavily wounded.
This wand has 9 charges left.
Unknown command.
Evoke which item? (* to show all) (? for menu, Esc to quit)
Zapping:
d - a wand of random effects (9/48)
Press: ? - help, Shift-Dir - straight line You can't see that place. [the floor.] Sorry, you can't target what you can't see.
Okay, then.
The river rat barely misses you.
Evoke which item? (* to show all) (? for menu, Esc to quit)
Zapping:
c - a wand of enslavement (13/24)
Press: ? - help, Shift-Dir - straight line, f - river rat
Aim: a river rat (heavily wounded, summoned, chance to defeat MR: 62%) Nothing appears to happen.
This wand has 12 charges left.
Something hits you.
* * * LOW HITPOINT WARNING * * *
The river rat bites you.
You die...
Fedhas appreciates your contribution to the ecosystem.

#.......##.....#...##### ,.
, #.......##.....##..# * #
#.......##.....##..#######
........##........>.......
,,
..#.......########.#######
,
#.+.......+...............
,
#'#.......######..........,
* ..........# #{######### ,
..........# #@# ,
(.....##### #r# *, ......#
#b#####.##* ,* ......#
#.r....@.. ......# **
########.# * ......+, ,,
,,, , ,,*, , ......# * ***
* ,*, ......# * ,


You could see a river rat, a quokka and a bat.

Vanquished Creatures
  Blork the orc (D:4)
  A howler monkey (D:4)
  An orc wizard (D:4)
  A hound (D:4)
  Natasha (D:2)
  A worker ant (D:4)
  4 adders
  An ooze (D:2)
  A worm (D:3)
  4 dart slugs
  2 giant geckos (D:4)
  An orc (D:4)
  5 giant cockroaches
  9 goblins
  5 hobgoblins
  11 jackals
  9 bats
  A giant gecko skeleton (D:4)
  5 giant newts
  6 kobolds
  13 rats
83 creatures vanquished.

Vanquished Creatures (collateral kills)
  2 dart slugs
  An orc (D:4)
  2 jackals (D:4)
5 creatures vanquished.

Vanquished Creatures (others)
  A wandering mushroom (D:4)
  34 toadstools
35 creatures vanquished.

Grand Total: 123 creatures vanquished

Notes
Turn   | Place    | Note
--------------------------------------------------------------
     0 | D:1      | M4edhros the Octopode Artificer began the quest for the Orb.
     0 | D:1      | Reached XP level 1. HP: 13/13 MP: 3/3
   166 | D:1      | Reached skill level 2 in Stealth
   179 | D:1      | Reached XP level 2. HP: 4/18 MP: 4/4
   331 | D:1      | Reached skill level 3 in Stealth
   862 | D:2      | Reached XP level 3. HP: 16/23 MP: 5/5
  1129 | D:2      | Noticed Natasha
  1139 | D:2      | Killed Natasha
  1139 | D:2      | Reached skill level 4 in Stealth
  1139 | D:2      | Reached XP level 4. HP: 13/28 MP: 6/6
  1209 | D:2      | HP: 1/28 [hobgoblin/club (7)]
  1770 | D:2      | Found a blossoming altar of Fedhas.
  1773 | D:2      | Found an iron altar of Okawaru.
  1776 | D:2      | Found a bloodstained altar of Trog.
  1882 | D:2      | Became a worshipper of Fedhas Madash
  2003 | D:3      | Noticed an ogre
  2065 | D:3      | Gained mutation: You are frail (-10% HP). [potion of mutation]
  2065 | D:3      | Gained mutation: You passively map a small area around you. [potion of mutation]
  2065 | D:3      | Gained mutation: You tend to lose your temper in combat. [potion of mutation]
  2071 | D:3      | Reached skill level 5 in Stealth
  2244 | D:3      | Found an iron altar of Okawaru.
  2420 | D:3      | Reached XP level 5. HP: 15/29 MP: 7/7
  2594 | D:3      | Reached * piety under Fedhas
  3096 | D:4      | Found a staircase to the Ecumenical Temple.
  3102 | D:4      | Reached skill level 6 in Stealth
  3102 | D:4      | Reached skill level 1 in Invocations
  3192 | D:4      | Noticed Blork the orc
  3310 | D:4      | Killed Blork the orc
  3310 | D:4      | Reached XP level 6. HP: 25/34 MP: 8/8
  3410 | D:4      | Noticed Eustachio
  3428 | D:4      | Slain by a river rat

Vault maps used:
D:1:      minmay_arrival_four_loops, kennysheep_nondescript
D:2:      grunt_temple_overflow_diamond, st_stairs_14, minmay_misc_feat_rugged,
          minmay_rat_gold_closets, uniq_natasha
D:3:      okawaru_ov_weapons_minmay
D:4:      minmay_temple_entry_crystal_x, uniq_crazy_yiuf_cottage,
          uniq_blork_the_orc, uniq_eustachio

Skill      XL: |  1  2  3  4  5 |
---------------+----------------+-----
Stealth        | 2 3 4 5 6 |  6.8
Dodging        | 3 |  3.9
Invocations    | 2 |  2.5
Fighting       | |  1.0
Short Blades   | |  1.0
Evocations     | |  3.2

Action                   |  1- 3 |  4- 6 || total
-------------------------+-------+-------++-------
Melee: Short sword       |    71 |   121 ||   192
Invok: Evolution         |       |     1 ||     1
Evoke: Wand              |       |    12 ||    12
  Use: Potion            |     2 |     5 ||     7
 Stab: Sleeping          |    10 |    15 ||    25
       Distracted        |       |     1 ||     1
  Eat: Chunk             |       |     2 ||     2
       Bread ration      |       |     2 ||     2
